 Dungeon Crawl Stone Soup version 0.24.0-13-gcf9b3192b9 (webtiles) character file.

Game seed: 8592207747345060309, levelgen mode: deterministic

2866622 CPrA the Conqueror (level 27, 194/199 HPs)
             Began as a Gargoyle Berserker on Nov 8, 2019.
             Was the Champion of the Shining One.
             Escaped with the Orb
             ... and 5 runes!
             The game lasted 03:40:04 (85361 turns).

CPrA the Conqueror (Gargoyle Berserker)            Turns: 85361, Time: 03:40:04

Health: 194/199    AC: 54    Str: 31      XL:     27
Magic:  46/46      EV: 13    Int: 12      God:    the Shining One [******]
Gold:   7644       SH: 19    Dex:  5 (9)  Spells: 26/26 levels left

rFire    + + .     SeeInvis +   w - +9 eveningstar (holy)
rCold    + + .     Gourm    .   H - +5 shield {reflect}
rNeg     + + +     Faith    .   a - +2 gold dragon scales
rPois    ∞         Spirit   .   l - -2 hat of the Alchemist {rElec rPois rF+ rC+ rN+ MR+ rMut rCorr}
rElec    +         Reflect  +   L - scarf {repulsion}
rCorr    +         Harm     .   h - +1 pair of gloves {Str+3}
rMut     +                      t - +2 pair of boots {run}
MR       ++++.                  i - amulet of the acrobat
Stlth    ..........             r - ring "Zejoki" {MR+ MP+9 SInv}
HPRegen  0.43/turn              V - +5 ring of slaying
MPRegen  0.30/turn

@: very slightly contaminated, hasted, glowing, studying Maces & Flails, repel
missiles, very quick
A: big wings, deterioration 1, negative energy resistance 1, electricity
resistance, inhibited regeneration, weak 1, unbreathing, petrification
resistance, rot immunity, AC +20
0: Orb of Zot
}: 5/15 runes: serpentine, barnacled, slimy, silver, abyssal
a: Fly, Divine Shield, Cleansing Flame, Summon Divine Warrior, Renounce Religion


You escaped.
You worshipped the Shining One.
The Shining One was exalted by your worship.
You were very hungry.

You visited 12 branches of the dungeon, and saw 58 of its levels.
You visited the Abyss 1 time.
You visited 1 bazaar.
You also visited: Wizlab.

You collected 9725 gold pieces.
You spent 2081 gold pieces at shops.

Inventory:

Hand Weapons
 w - a +9 eveningstar of holy wrath (weapon)
 I - the +3 morningstar of Okawaru's Displeasure {flame, +Inv rC+ Str-3}
   (You found it on level 2 of the Depths)

   It has been specially enchanted to burn those struck by it, causing extra
   injury to most foes and up to half again as much damage against particularly
   susceptible opponents.
   It affects your strength (-3).
   It protects you from cold.
   It lets you turn invisible.
Missiles
 S - 3 throwing nets (quivered)
Armour
 a - +2 gold dragon scales (worn)
 f - a +0 crystal plate armour
 h - a +1 pair of gloves of strength (worn)
 l - the -2 hat of the Alchemist (worn) {rElec rPois rF+ rC+ rN+ MR+ rMut rCorr}
   (You found it in a wizard's laboratory)

   It protects you from fire.
   It protects you from cold.
   It insulates you from electricity.
   It protects you from poison.
   It protects you from negative energy.
   It affects your resistance to hostile enchantments.
   It provides partial protection from all sources of acid and corrosion.
   It protects you from mutation.
 t - a +2 pair of boots of running (worn)
 H - a +5 shield of reflection (worn)
 L - a scarf of repulsion (worn)
 U - the +1 pair of boots "Caushu" {rF+ rC+++ Regen+ Str-2}
   (You found it on level 3 of the Crypt)

   It affects your strength (-2).
   It protects you from fire.
   It renders you almost immune to cold.
   It increases your rate of regeneration.
Jewellery
 i - an amulet of the acrobat (around neck)
 r - the ring "Zejoki" (left hand) {MR+ MP+9 SInv}
   (You took it off a deep elf high priest on level 3 of the Elven Halls)

   [ring of see invisible]

   It affects your resistance to hostile enchantments.
   It affects your magic capacity (+9).
   It lets you see invisible.
 M - an uncursed amulet of guardian spirit
 V - a +5 ring of slaying (right hand)
Wands
 n - a wand of polymorph (50)
 v - a wand of disintegration (27)
 C - a wand of flame (139)
 J - a wand of scattershot (3)
 O - a wand of paralysis (22)
 R - a wand of digging (7)
 Y - a wand of acid (11)
 Z - a wand of iceblast (17)
Scrolls
 b - 18 scrolls of remove curse
 q - 5 scrolls of fear
 s - 16 scrolls of identify
 y - 7 scrolls of immolation
 z - 19 scrolls of teleportation
 A - 2 scrolls of silence
 B - 10 scrolls of magic mapping
 F - 6 scrolls of summoning
 G - 7 scrolls of blinking
 K - 2 scrolls of fog
 N - a scroll of amnesia
Potions
 d - 5 potions of haste
 e - 19 potions of curing
 j - a potion of cancellation
 k - 4 potions of might
 m - 5 potions of heal wounds
 o - 24 potions of mutation
 p - 8 potions of magic
 x - a potion of resistance
 T - 3 potions of agility
 W - 3 potions of ambrosia
Books
 P - a manual of Maces & Flails
Miscellaneous
 g - a fan of gales (inert)
 u - a phial of floods
 D - 2 phantom mirrors
 E - a fan of gales (inert)
 Q - a lightning rod (4/4)
 X - a lamp of fire
Comestibles
 c - 65 rations


   Skills:
 O Level 27 Fighting
 - Level 16.0 Maces & Flails
 O Level 27 Armour
 + Level 22.0 Dodging
 - Level 15.0 Shields
 + Level 20.1 Invocations
 + Level 12.9 Evocations


You had 26 spell levels left.
You didn't know any spells.
Your spell library contained the following spells:

 Spells                   Type           Power        Failure   Level  Hunger
 Animate Skeleton         Necr           N/A          86%         1    ##.....
 Apportation              Tloc           #.....       86%         1    ##.....
 Beastly Appendage        Tmut           #.....       86%         1    ##.....
 Confusing Touch          Hex            #.....       86%         1    ##.....
 Corona                   Hex            #......      86%         1    ##.....
 Infusion                 Chrm           #...         86%         1    ##.....
 Pain                     Necr           #...         86%         1    ##.....
 Sandblast                Erth           #.....       86%         1    ##.....
 Sting                    Conj/Pois      #...         86%         1    ##.....
 Summon Small Mammal      Summ           #...         86%         1    ##.....
 Blink                    Tloc           N/A          94%         2    ###....
 Call Imp                 Summ           #.......     94%         2    ###....
 Corpse Rot               Necr           N/A          94%         2    ###....
 Ensorcelled Hibernation  Hex/Ice        #.....       94%         2    ###....
 Passwall                 Tmut/Erth      #.......     94%         2    ###....
 Poisonous Vapours        Pois/Air       #.....       94%         2    ###....
 Shroud of Golubria       Chrm/Tloc      #.....       94%         2    ###....
 Song of Slaying          Chrm           #.......     94%         2    ###....
 Call Canine Familiar     Summ           #.......     99%         3    ####...
 Confuse                  Hex            #.......     99%         3    ####...
 Dazzling Spray           Conj/Hex       #.....       99%         3    ####...
 Gell's Gravitas          Tloc           #.........   99%         3    ####...
 Ignite Poison            Fire/Tmut/Pois #.......     99%         3    ####...
 Lesser Beckoning         Tloc           #.........   99%         3    ####...
 Mephitic Cloud           Conj/Pois/Air  #.......     99%         3    ####...
 Ozocubu's Armour         Chrm/Ice       #.......     99%         3    ####...
 Portal Projectile        Hex/Tloc       #.....       99%         3    ####...
 Recall                   Summ/Tloc      N/A          99%         3    ####...
 Regeneration             Chrm/Necr      #.........   99%         3    ####...
 Spectral Weapon          Hex/Chrm       #.......     99%         3    ####...
 Stone Arrow              Conj/Erth      #.....       99%         3    ####...
 Teleport Other           Tloc           #.......     99%         3    ####...
 Vampiric Draining        Necr           #.........   99%         3    ####...
 Animate Dead             Necr           N/A          100%        4    #####..
 Cause Fear               Hex            #.........   100%        4    #####..
 Force Lance              Conj/Tloc      #.......     100%        4    #####..
 Ice Form                 Ice/Tmut       #.......     100%        4    #####..
 Olgreb's Toxic Radiance  Pois           #.......     100%        4    #####..
 Petrify                  Tmut/Erth      #.......     100%        4    #####..
 Summon Ice Beast         Ice/Summ       #.......     100%        4    #####..
 Agony                    Necr           #.......     100%        5    ######.
 Alistair's Intoxication  Tmut/Pois      #.......     100%        5    ######.
 Aura of Abjuration       Summ           #.........   100%        5    ######.
 Bolt of Draining         Conj/Necr      #.........   100%        5    ######.
 Dispel Undead            Necr           #.......     100%        5    ######.
 Excruciating Wounds      Chrm/Necr      #.........   100%        5    ######.
 Irradiate                Conj/Tmut      #.........   100%        5    ######.
 Lee's Rapid Deconstruct  Erth           #.........   100%        5    ######.
 Metabolic Englaciation   Hex/Ice        #.........   100%        5    ######.
 Summon Demon             Summ           #.........   100%        5    ######.
 Summon Forest            Summ/Tloc      #.........   100%        5    ######.
 Summon Mana Viper        Hex/Summ       #.......     100%        5    ######.
 Venom Bolt               Conj/Pois      #.........   100%        5    ######.
 Bolt of Cold             Conj/Ice       #.........   100%        6    #######
 Deflect Missiles         Chrm/Air       #.........   100%        6    #######
 Dispersal                Tloc           #.........   100%        6    #######
 Freezing Cloud           Conj/Ice/Air   #.........   100%        6    #######
 Hydra Form               Tmut           #.........   100%        6    #######
 Ozocubu's Refrigeration  Ice            #.........   100%        6    #######
 Poison Arrow             Conj/Pois      #.........   100%        6    #######
 Shadow Creatures         Summ           N/A          100%        6    #######
 Simulacrum               Ice/Necr       #.........   100%        6    #######
 Dragon Form              Tmut           #.........   100%        7    #######
 Haunt                    Necr/Summ      #.........   100%        7    #######
 Malign Gateway           Summ/Tloc      #.........   100%        7    #######
 Monstrous Menagerie      Summ           #.........   100%        7    #######
 Spellforged Servitor     Conj/Summ      #.........   100%        7    #######
 Summon Greater Demon     Summ           #.........   100%        7    #######
 Borgnjor's Revivificati  Necr           #.........   100%        8    #######
 Chain Lightning          Conj/Air       #.........   100%        8    #######
 Controlled Blink         Tloc           N/A          100%        8    #######
 Death's Door             Chrm/Necr      #.........   100%        8    #######
 Discord                  Hex            #.........   100%        8    #######
 Disjunction              Tloc           #.........   100%        8    #######
 Infestation              Necr           #.........   100%        8    #######
 Lehudib's Crystal Spear  Conj/Erth      #.........   100%        8    #######
 Necromutation            Tmut/Necr      #.........   100%        8    #######
 Summon Horrible Things   Summ           #.........   100%        8    #######
 Fire Storm               Conj/Fire      #.........   100%        9    #######
 Glaciate                 Conj/Ice       #.........   100%        9    #######
 Sublimation of Blood     Necr           Unusable     N/A         2    N/A
 Passage of Golubria      Tloc           Unusable     N/A         4    N/A
 Statue Form              Tmut/Erth      Unusable     N/A         6    N/A

Dungeon Overview and Level Annotations

Branches:
Dungeon (15/15)            Temple (1/1) D:4            Lair (6/6) D:10
 Shoals (4/4) Lair:4        Snake (4/4) Lair:4        Slime (5/5) Lair:6
    Orc (2/2) D:12            Elf (3/3) Orc:2        Vaults (5/5) D:13
  Crypt (3/3) Vaults:3       Tomb (0/3) Crypt:3      Depths (5/5) D:15
    Zot (5/5) Depths:5     WizLab (visited)

Altars:
Ashenzari
Cheibriados
Gozag
Hepliaklqana
Kikubaaqudgha
Nemelex Xobeh
Okawaru
Qazlal
Ru
Sif Muna
Trog
Vehumet
Xom
Zin
The Shining One
Beogh
Jiyva
Lugonu

Shops:
D:5 *   D:6 [   D:8 %   Orc:2 !**?   Elf:3 *=%   Snake:3 ?:[   Vaults:1 [[
Vaults:2 }   Vaults:5 (

Portals:
Hell: Depths:1 Depths:2 Depths:3 Depths:4 Depths:5
Abyss: Depths:4
Pandemonium: Depths:3
Ziggurat: Depths:3
Trove: D:13 (give +8 demon trident)

Annotations:
D:14 exclusion: oklob plant
Shoals:3 exclusion: downstairs
Snake:2 3 runed translucent doors, Yrif's ghost, adept GnFi
Slime:4 exclusion: downstairs
Vaults:1 exclusion: downstairs
Depths:1 exclusion: downstairs
Depths:4 exclusion: downstairs
Zot:2 exclusion: downstairs


Innate Abilities, Weirdness & Mutations

You are resistant to torment.
Your stone body is resilient. (AC +20)
You are immune to poison.
Your large and strong wings let you fly indefinitely.
You resist negative energy. (rN+)
You are resistant to electric shocks. (rElec)
You can survive without breathing.
You are immune to petrification.
You are immune to rotting.
Your body sometimes deteriorates upon taking damage.
You do not regenerate when monsters are visible.
You are weak. (Str -2)


Message History

There is a stone staircase leading up here.
You climb upwards.
There is a stone staircase leading down here.
You feel yourself speed up.
Evoke which item? (* to show all) (? for menu, Esc to quit)
Aiming: Dig
Press: ? - help, Shift-Dir - straight line A rock wall.
This square is lit by a halo and is covered in magical glow.
The rock shatters into small pieces.
You see here a short sword.
Evoke which item? (* to show all) (? for menu, Esc to quit)
Aiming: Dig
Press: ? - help, Shift-Dir - straight line A rock wall.
This square is lit by a halo and is covered in magical glow.
The rock shatters into small pieces.
There is an open door here.
There is a staircase leading out of the dungeon here.
You have escaped!

..# #...'...'...'.⌠.# #.# #.##
..#####...#...#...#...# #.# #.#
......##'###########'## #.# #.#
#.##.##...#...#...#[..# #.# #.#
#.##.##...#...'...#...# #.# #.#
#....##...#...#...#...####.###.##
#.######'###'#######'##..........
#....##...#...#...#.(.##.#.#####.
..#..##...#...).@.'...##.#.# #.
#....##...#...#(..#...##.#.# #.
#.##..##'#############.#.#.# ##.
#.#####...#...#...#...#..#.####..
#.#####...'...'...)...##.#......#
#.....#...#...#...#...##..#####..
#..#####################.#.## ##.
#..# #.# #.# #.##.####. #..#
######.# #.# #.........


There were no monsters in sight!

Vanquished Creatures
  the Royal Jelly (Slime:5)
  3 orbs of fire
  Mara (Shoals:3)
  Mennas (Vaults:4)
  4 ancient liches
  2 juggernauts
  The ghost of Uqitom the Opulent, a master GnTm of Gozag (Crypt:1)
  Boris (Depths:5)
  Frederick (Vaults:4)
  Vashnia (Snake:2)
  A caustic shrike (Zot:5)
  Saint Roka (Snake:2)
  6 Killer Klowns (Zot:5)
  2 curse toes
  16 golden dragons
  A mutant beast (WizLab)
  the Enchantress (Depths:3)
  A pearl dragon (Depths:4)
  14 tentacled monstrosities
  4 electric golems
  Jorgrun (D:14)
  28 Orb Guardians
  9 liches
  6 quicksilver dragons
  Asterion (Snake:2)
  A deep elf master archer (Elf:3)
  6 titans
  3 deep elf blademasters
  A kraken (Shoals:3)
  22 acid blobs
  7 ancient champions
  5 sphinxes
  Agnes (Snake:3)
  A tentacled starspawn (Abyss:5)
  5 death cobs
  A revenant (Crypt:3)
  2 thorn hunters (Abyss:5)
  18 shadow dragons
  Kirke (Shoals:3)
  Donald (Snake:1)
  10 azure jellies
  7 draconian monks
  8 tengu reavers
  3 daevas (Depths:4)
  7 nagarajas
  8 draconian knights
  15 storm dragons
  5 iron dragons
  17 deep elf sorcerers
  16 vault wardens
  13 fire giants
  9 draconian scorchers
  10 frost giants
  A ghost moth (Zot:5)
  3 angels (Depths:4)
  7 deep elf elementalists
  4 draconian shifters
  6 ghouls
  Aizul (Snake:1)
  8 draconian annihilators
  18 ironheart preservers
  2 curse skulls
  6 draconian stormcallers
  39 very ugly things
  5 war gargoyles (Vaults:5)
  27 stone giants
  An entropy weaver (Vaults:4)
  9 spriggan defenders
  10 vampire knights
  7 deep elf demonologists
  9 black draconians
  7 green draconians
  10 purple draconians
  Azrael (Elf:1)
  9 deep elf annihilators (Elf:3)
  7 red draconians
  8 spark wasps
  12 white draconians
  8 yellow draconians
  A minotaur (shapeshifter) (Depths:3)
  A crystal guardian (Vaults:5)
  4 eidola
  27 ettins
  18 fire dragons
  13 deep elf death magi
  3 merfolk javelineers
  9 death oozes
  11 merfolk impalers
  11 deep elf high priests
  Snorg (Lair:3)
  7 jiangshi
  12 great orbs of eyes
  30 vault guards
  16 yaktaur captains
  15 naga warriors
  11 rakshasas
  9 hydras
  3 merfolk avatars
  A catoblepas (D:15)
  A hell beast (Depths:1)
  11 ice dragons
  8 spriggan air magi
  13 centaur warriors
  The ghost of Errno the Cleaver, a novice MiFi of Qazlal (D:7)
  5 alligator snapping turtles
  3 merfolk aquamancers
  7 satyrs
  25 ogre magi
  32 dancing weapons
  11 anacondas
  4 death knights
  76 two-headed ogres
  3 tengu warriors
  A titan zombie (Crypt:1)
  14 deep troll earth magi
  9 deep troll shamans
  An orc high priest (Orc:2)
  17 naga sharpshooters
  10 vampire magi
  13 large abominations
  3 shock serpents (Snake:2)
  4 thrashing horrors (Abyss:5)
  An iron golem (WizLab)
  6 spriggan berserkers
  23 deep elf knights
  2 shadow wraiths
  A wretched star (Abyss:5)
  2 salamander mystics (Snake:4)
  17 skeletal warriors
  9 unseen horrors
  A soul eater (Depths:3)
  11 hell knights
  15 sea snakes
  4 iron trolls
  6 cherubim (Depths:4)
  2 glowing orange brains (shapeshifter)
  A swamp dragon (shapeshifter) (WizLab)
  35 deep trolls
  2 unseen horrors (shapeshifter) (WizLab)
  5 glowing orange brains
  A flayed ghost (Vaults:5)
  8 wizards
  10 phantasmal warriors
  8 naga ritualists
  A ghost moth zombie (Crypt:3)
  A swamp dragon (Zot:2)
  An anaconda skeleton (Crypt:3)
  17 deep elf archers
  A lindwurm (Zot:2)
  47 ugly things
  A wolf spider zombie (Crypt:2)
  7 necromancers
  7 orc knights
  9 ironbrand convokers
  5 mana vipers
  2 wolf spiders (shapeshifter)
  17 harpies
  6 wolf spiders
  3 orc sorcerers
  A mana viper (shapeshifter) (Vaults:5)
  54 deep elf magi
  A stone giant zombie (Vaults:4)
  A tengu skeleton (Vaults:4)
  6 manticores
  25 fauns
  2 salamanders (shapeshifter)
  A manticore (shapeshifter) (WizLab)
  A shining eye (Slime:4)
  A faun (shapeshifter) (D:15)
  28 cyclopes
  A worldbinder (Abyss:5)
  3 guardian serpents (shapeshifter) (WizLab)
  3 elephants
  12 salamanders
  3 centaur zombies
  20 starcursed masses (Abyss:5)
  19 moths of wrath
  A black mamba (shapeshifter) (D:15)
  Psyche (D:8)
  5 rust devils (Depths:1)
  2 apocalypse crabs (Abyss:5)
  5 water nymphs
  12 merfolk sirens
  2 smoke demons (Abyss:5)
  25 black mambas
  8 guardian serpents
  27 naga magi
  An eye of devastation (Slime:5)
  10 vault sentinels
  A frost giant skeleton (Vaults:2)
  2 orange demons (Depths:3)
  A torpor snail (shapeshifter) (Vaults:5)
  2 gargoyles
  9 spiny frogs
  A spiny frog (shapeshifter) (WizLab)
  A storm dragon simulacrum (Crypt:1)
  An ice devil (Depths:1)
  A hellion (Abyss:5)
  7 komodo dragons
  4 tengu conjurers
  7 rime drakes
  8 freezing wraiths
  9 guardian mummies
  A sea snake zombie (Crypt:1)
  2 hellwings
  A tormentor (Depths:3)
  A minotaur skeleton (Crypt:1)
  46 yaktaurs
  3 queen bees (shapeshifter)
  36 merfolk
  A tyrant leech (shapeshifter) (Abyss:5)
  A grey draconian skeleton (Crypt:3)
  2 meliai (shapeshifter)
  12 polar bears
  A red devil (Depths:1)
  16 trolls
  2 ancient zymes (Abyss:5)
  An iron troll skeleton (Crypt:1)
  3 polar bears (shapeshifter)
  A queen bee (D:9)
  A troll (shapeshifter) (WizLab)
  2 hornets (shapeshifter) (WizLab)
  21 hornets
  5 wind drakes
  A dream sheep (shapeshifter) (Vaults:5)
  87 slime creatures
  4 raiju (Abyss:5)
  A jumping spider zombie (Crypt:2)
  A meliai zombie (Crypt:2)
  15 blink frogs
  12 hippogriffs
  A hydra skeleton (Crypt:1)
  2 bog bodies
  4 snapping turtles
  7 dream sheep
  A harpy skeleton (D:15)
  An ettin zombie (Vaults:4)
  3 flying skulls (Crypt:3)
  A centaur simulacrum (D:15)
  An elf zombie (Vaults:4)
  A redback (Vaults:4)
  An air elemental (Elf:1)
  An alligator skeleton (Crypt:1)
  5 shadows
  A spriggan (shapeshifter) (D:15)
  14 spriggans
  6 hogs (Shoals:3)
  A black mamba zombie (Crypt:1)
  7 wraiths
  2 vampires (D:12)
  2 wyverns
  19 water elementals
  8 fire elementals
  A fire bat (shapeshifter) (WizLab)
  25 yaks
  A wyvern (shapeshifter) (WizLab)
  2 hogs (shapeshifter)
  2 golden eyes (Slime:3)
  A human simulacrum (Vaults:3)
  2 basilisks (shapeshifter)
  4 hungry ghosts
  A golden eye (shapeshifter) (WizLab)
  A basilisk (Lair:6)
  A yaktaur simulacrum (Vaults:2)
  A neqoxec (Abyss:5)
  2 chaos spawn (D:10)
  2 vampire mosquitoes (D:12)
  Menkaure (D:6)
  Edmund (D:4)
  6 wargs
  45 nagas
  A swamp worm (D:14)
  3 hell hounds (Elf:1)
  A warg (shapeshifter) (Vaults:1)
  4 acid dragons
  3 floating eyes (shapeshifter)
  An infernal demonspawn skeleton (Crypt:3)
  Duvessa (D:4)
  18 water moccasins
  5 floating eyes
  A spiny frog skeleton (Crypt:2)
  26 orc warriors
  12 porcupines
  A sky beast (Orc:2)
  4 phantoms
  10 black bears
  4 ice beasts
  A black bear (shapeshifter) (WizLab)
  16 boggarts
  57 ogres
  3 eyes of draining
  A torpor snail zombie (Crypt:3)
  A wolf (shapeshifter) (Vaults:4)
  9 wolves
  13 centaurs
  3 necrophages
  7 crocodiles
  2 big kobolds (D:6)
  A komodo dragon zombie (Crypt:1)
  23 bullfrogs
  3 earth elementals
  3 human skeletons
  Dowan (D:4)
  11 small abominations
  6 scorpions
  A wyvern skeleton (Crypt:3)
  29 killer bees
  A raiju zombie (Crypt:2)
  5 wights (D:14)
  A howler monkey (D:5)
  2 lava snakes (Snake:4)
  12 crimson imps
  3 bullfrog zombies
  A human zombie (Crypt:2)
  7 jellies
  A bullfrog skeleton (D:7)
  8 centaur skeletons
  7 hounds
  17 orc priests
  3 quasits
  A gnoll shaman (Orc:1)
  Natasha (thrice) (D:4)
  21 orc wizards
  Ijyb (D:3)
  3 iguanas
  13 worker ants
  2 tengu zombies
  An acid dragon zombie (Crypt:3)
  A hound skeleton (D:6)
  A hound zombie (D:8)
  11 mummies
  2 worker ant zombies
  11 gnolls
  11 adders
  4 shadow imps
  3 oozes
  An adder zombie (D:7)
  2 worms (D:2)
  A worm (shapeshifter) (WizLab)
  A dart slug (D:1)
  5 leopard geckos
  72 orcs
  3 ball pythons
  8 bats
  A bat skeleton (Crypt:1)
  6 giant cockroaches
  6 goblins
  10 hobgoblins
  10 kobolds
  5 quokkas
  3 frilled lizards
  A gnoll skeleton (Crypt:2)
  A jackal zombie (D:6)
  A leopard gecko skeleton (D:7)
  A leopard gecko zombie (D:5)
  A quokka skeleton (D:7)
  A quokka zombie (D:7)
  7 rats
  3 crawling corpses (Vaults:5)
  3 fungi
  A lurking horror (Abyss:5)
  5 plants
  A starspawn tentacle (Abyss:5)
  A tentacle (Shoals:3)
2713 creatures vanquished.

Vanquished Creatures (collateral kills)
  2 nagarajas (Snake:4)
  A vault warden (Vaults:4)
  An orc warlord (Orc:1)
  An ironheart preserver (Vaults:5)
  A deep elf annihilator (Vaults:5)
  2 ettins
  A yaktaur captain (Vaults:4)
  2 anacondas (Snake:4)
  5 two-headed ogres
  A titan skeleton (Depths:1)
  3 slime creatures
  A deep elf archer (Vaults:5)
  2 ironbrand convokers
  A harpy (shapeshifter) (Lair:4)
  A deep elf mage (Vaults:5)
  An orc sorcerer (Orc:2)
  A salamander (shapeshifter) (Vaults:5)
  A vault sentinel (Vaults:5)
  2 yaktaurs (Vaults:4)
  2 polar bears (Lair:4)
  3 nagas (Snake:4)
  2 orc warriors (Orc:1)
  2 ogres (Orc:2)
  A crocodile (Lair:1)
  An orc priest (Orc:1)
  7 orcs (Orc:1)
48 creatures vanquished.

Vanquished Creatures (others)
  2 deep elf master archers (Elf:3)
  A war gargoyle (Vaults:5)
  A stone giant (Vaults:2)
  A deep elf annihilator (Elf:3)
  A yaktaur captain (Vaults:5)
  2 centaur warriors
  A death knight (Vaults:5)
  A two-headed ogre (Vaults:3)
  A satyr (Shoals:4)
  A deep troll (Vaults:2)
  3 deep elf archers
  A manticore (Shoals:4)
  A faun (Shoals:4)
  11 yaktaurs
  A polar bear (Lair:5)
  A hippogriff (Lair:6)
  A yak (Lair:6)
  An orc warrior (Vaults:4)
  A black bear (Elf:3)
  A wolf (Lair:5)
  4 ogres
  3 centaurs
  A small abomination (Abyss:5)
  A gnoll (Lair:4)
  3 orcs
  A bat zombie (Crypt:2)
  7 briar patches (Abyss:5)
  2 fungi
  28 plants
  A starspawn tentacle (Abyss:5)
  20 tentacles
105 creatures vanquished.

Grand Total: 2866 creatures vanquished

Notes
Turn   | Place    | Note
-------+----------+-------------------------------------------
     0 | D:1      | CPrA the Gargoyle Berserker began the quest for the Orb.
     0 | D:1      | Reached XP level 1. HP: 14/14 MP: 1/1
   258 | D:1      | Reached XP level 2. HP: 20/20 MP: 2/2
  1139 | D:2      | Reached XP level 3. HP: 4/24 MP: 3/3
  1626 | D:2      | Reached ** piety under Trog
  1660 | D:2      | Reached skill level 5 in Fighting
  1771 | D:2      | Reached XP level 4. HP: 29/31 MP: 4/4
  2452 | D:3      | Reached XP level 5. HP: 31/36 MP: 5/5
  2576 | D:3      | Found a sacrificial altar of Ru.
  2576 | D:3      | Found a hazy altar of Hepliaklqana.
  2662 | D:3      | Noticed Ijyb
  2675 | D:3      | Killed Ijyb
  2725 | D:3      | Found an opulent altar of Gozag.
  2905 | D:3      | Found a stormy altar of Qazlal.
  3509 | D:3      | Reached XP level 6. HP: 40/44 MP: 6/6
  4067 | D:4      | Noticed Edmund
  4078 | D:4      | Killed Edmund
  4163 | D:4      | Found a staircase to the Ecumenical Temple.
  4171 | D:4      | Reached XP level 7. HP: 47/48 MP: 7/7
  4269 | D:4      | Reached skill level 5 in Maces & Flails
  4278 | D:4      | Reached *** piety under Trog
  4487 | D:4      | Noticed Duvessa
  4488 | D:4      | Noticed Dowan
  4496 | D:4      | Killed Duvessa
  4497 | D:4      | Killed Dowan
  4578 | D:4      | Noticed Natasha
  4581 | D:4      | Killed Natasha
  4619 | D:4      | Reached XP level 8. HP: 50/53 MP: 8/8
  4781 | D:4      | Noticed Natasha
  4786 | D:4      | Killed Natasha
  4819 | D:4      | Noticed Natasha
  4822 | D:4      | Killed Natasha
  4937 | D:5      | Entered Level 5 of the Dungeon
  5076 | D:5      | Found Vefepn's Assorted Antiques.
  5181 | D:5      | Reached **** piety under Trog
  5731 | D:6      | Got a warped shortbow
  5759 | D:6      | Found Vuggeck's Armour Emporium.
  5765 | D:6      | Noticed Menkaure
  5771 | D:6      | Killed Menkaure
  5810 | D:6      | Reached XP level 9. HP: 57/57 MP: 9/9
  5817 | D:6      | Reached skill level 10 in Maces & Flails
  6264 | D:6      | Found an ancient bone altar of Kikubaaqudgha.
  7074 | D:7      | Found a runed translucent door.
  7074 | D:7      | Noticed Errno's ghost (novice MiFi)
  7128 | D:7      | Noticed a gargoyle
  7135 | D:7      | Killed a gargoyle
  7266 | D:7      | Reached XP level 10. HP: 61/63 MP: 10/10
  7592 | D:8      | Reached ***** piety under Trog
  7793 | D:8      | Noticed Psyche
  8571 | D:8      | Killed Psyche
  8604 | D:8      | Reached XP level 11. HP: 64/67 MP: 11/11
  8619 | D:8      | Found Diydush's Food Boutique.
  8694 | D:8      | Found a shimmering blue altar of Sif Muna.
  8766 | D:8      | Got a transparent hunting sling
  8933 | D:10     | Entered Level 10 of the Dungeon
  9004 | D:10     | Reached skill level 5 in Armour
  9308 | D:10     | Found a shimmering altar of Xom.
  9337 | D:10     | Found the +7 mace of Variability {chain chaos}
  9455 | D:10     | Reached skill level 5 in Dodging
  9462 | D:10     | Received a gift from Trog
  9772 | D:10     | Found a staircase to the Lair.
  9859 | D:11     | Noticed a purple ugly thing
  9869 | D:11     | Killed a purple ugly thing
  9979 | Lair:1   | Entered Level 1 of the Lair of Beasts
 11470 | Lair:3   | Reached XP level 12. HP: 72/72 MP: 12/12
 11773 | Lair:3   | Noticed an eight-headed hydra
 11782 | Lair:3   | Killed an eight-headed hydra
 12148 | Lair:3   | Noticed Snorg
 12163 | Lair:3   | Killed Snorg
 12639 | Lair:3   | Reached skill level 10 in Armour
 13065 | Lair:4   | Noticed a six-headed hydra
 13072 | Lair:4   | Killed a six-headed hydra
 13550 | Lair:4   | Noticed a six-headed hydra
 13560 | Lair:4   | Killed a six-headed hydra
 13736 | Lair:4   | Found a staircase to the Snake Pit.
 13895 | Lair:4   | Found a staircase to the Shoals.
 14111 | Lair:4   | Reached XP level 13. HP: 76/76 MP: 13/13
 14682 | Lair:4   | Received a gift from Trog
 14968 | Lair:5   | Reached skill level 10 in Dodging
 15336 | Lair:6   | Entered Level 6 of the Lair of Beasts
 16849 | Lair:6   | Found a staircase to the Slime Pits.
 16849 | Lair:6   | Found a viscous altar of Jiyva.
 16856 | Lair:6   | Gained mutation: Your large and strong wings let you fly
                  | indefinitely. [Gargoyle growth]
 16856 | Lair:6   | Reached XP level 14. HP: 77/82 MP: 14/14
 17415 | D:11     | Identified the +4 shortbow of Xom's Hope {freeze, MR+ MP+9
                  | Dex+2} (You found it on level 6 of the Dungeon)
 17416 | D:11     | Identified the cursed +2 hunting sling of Xexeiv {flame,
                  | rF- rC+ Stlth+} (You found it on level 8 of the Dungeon)
 17643 | D:11     | Reached skill level 1 in Shields
 17643 | D:11     | Reached skill level 1 in Evocations
 18149 | D:12     | Reached ****** piety under Trog
 18203 | D:12     | Received a gift from Trog
 18231 | D:12     | Got a twisted eveningstar {god gift}
 18241 | D:12     | Identified the +1 eveningstar of Nyplic {crush, *Rage Int+4
                  | Dex+2} (Trog gifted it to you on level 12 of the Dungeon)
 18290 | D:12     | Found a staircase to the Orcish Mines.
 18424 | D:12     | Found a roughly hewn altar of Beogh.
 18951 | D:13     | Found a portal to a secret trove of treasure.
 19012 | D:13     | Found a gate leading to a gauntlet.
 19120 | D:13     | Found a gate to the Vaults.
 19120 | D:13     | Noticed an ironheart preserver
 19132 | D:13     | Killed an ironheart preserver
 19824 | D:14     | HP: 1/84 [titanic slime creature (53)]
 20231 | D:14     | Noticed Jorgrun
 20251 | D:14     | Killed Jorgrun
 20251 | D:14     | Reached skill level 5 in Shields
 20342 | D:14     | Received a gift from Trog
 20456 | D:14     | Found a sparkling altar of Nemelex Xobeh.
 20752 | D:15     | Entered Level 15 of the Dungeon
 21220 | Orc:1    | Entered Level 1 of the Orcish Mines
 21245 | Orc:1    | Reached XP level 15. HP: 87/91 MP: 18/18
 21327 | Orc:2    | Entered Level 2 of the Orcish Mines
 21328 | Orc:2    | Found a staircase to the Elven Halls.
 21380 | Orc:2    | Reached skill level 5 in Evocations
 21631 | Orc:2    | Found a shimmering altar of Xom.
 21886 | Orc:2    | Reached skill level 10 in Fighting
 21924 | Orc:2    | Found Kocox's Distillery.
 21925 | Orc:2    | Found Xiplyly's Assorted Antiques.
 21977 | Orc:2    | Received a gift from Trog
 22014 | Orc:2    | Paralysed by an ogre mage for 3 turns
 22577 | Orc:2    | Found Hepi's General Store.
 22602 | Orc:2    | Bought a scroll labeled OSMIMA ZALUITS for 24 gold pieces
 22610 | Orc:2    | Found Gejaalau's Magic Scroll Shop.
 23147 | Orc:1    | Found a roughly hewn altar of Beogh.
 23184 | Orc:1    | Noticed an orc warlord
 23205 | Orc:1    | Killed an orc warlord
 23538 | Snake:1  | Entered Level 1 of the Snake Pit
 24157 | Snake:1  | Noticed Donald
 24169 | Snake:1  | Killed Donald
 24391 | Orc:2    | Bought a scroll of enchant armour for 105 gold pieces
 24391 | Orc:2    | Bought a scroll of enchant weapon for 105 gold pieces
 24391 | Orc:2    | Bought a scroll of enchant armour for 105 gold pieces
 24391 | Orc:2    | Identified 2 scrolls of acquirement
 24824 | Snake:1  | Reached skill level 15 in Maces & Flails
 25146 | Snake:2  | Noticed Aizul
 25147 | Snake:2  | Noticed Asterion
 25163 | Snake:1  | Killed Aizul
 25397 | Snake:2  | Killed Asterion
 25397 | Snake:2  | Reached skill level 10 in Shields
 25397 | Snake:2  | Reached XP level 16. HP: 71/97 MP: 22/22
 25707 | Snake:2  | Noticed Vashnia
 25764 | Snake:2  | Noticed a nagaraja
 26582 | Snake:2  | Killed Vashnia
 26609 | Snake:2  | Found a runed translucent gate.
 26610 | Snake:2  | Found a runed translucent gate.
 26611 | Snake:2  | Found a runed translucent gate.
 26629 | Snake:2  | Noticed Yrif's ghost (adept GnFi)
 26890 | Snake:2  | Killed a nagaraja
 26993 | Snake:3  | Found Ygituin's Magic Scroll Emporium.
 26999 | Snake:3  | Bought a scroll of enchant armour for 105 gold pieces
 26999 | Snake:3  | Bought a scroll of enchant weapon for 105 gold pieces
 27031 | Snake:3  | Noticed Agnes
 27044 | Snake:3  | Killed Agnes
 27061 | Snake:3  | Found Ciaq's Book Shoppe.
 27268 | Snake:3  | Noticed Saint Roka
 27321 | Snake:2  | Killed Saint Roka
 27495 | Snake:3  | Noticed a nagaraja
 27508 | Snake:3  | Killed a nagaraja
 27610 | Snake:3  | Reached skill level 10 in Evocations
 28009 | Snake:3  | Found Veos's Antique Armour Emporium.
 28122 | Snake:3  | Received a gift from Trog
 28629 | Snake:4  | Entered Level 4 of the Snake Pit
 28742 | Snake:4  | Reached XP level 17. HP: 102/102 MP: 24/24
 29455 | Snake:4  | Received a gift from Trog
 29898 | Snake:4  | Reached skill level 15 in Shields
 30617 | Snake:4  | Got a serpentine rune of Zot
 30832 | Snake:4  | Received a gift from Trog
 30964 | Snake:4  | Got a slimy mace {god gift}
 30965 | Snake:4  | Identified the +4 mace of the Scorpion {venom, rC- Dex+2
                  | SInv} (Trog gifted it to you on level 4 of the Snake Pit)
 31571 | D:15     | Reached XP level 18. HP: 71/110 MP: 25/25
 31915 | D:15     | Found a staircase to the Depths.
 32311 | Shoals:1 | Entered Level 1 of the Shoals
 32404 | Shoals:1 | Reached skill level 15 in Armour
 32489 | Shoals:1 | Received a gift from Trog
 34599 | Shoals:2 | Received a gift from Trog
 36413 | Shoals:2 | Got a faintly glowing golden ring
 36415 | Shoals:2 | Identified the ring "Xauporeph" {-Tele rPois rN+ SInv
                  | Stlth+} (You acquired it on level 2 of the Shoals)
 36850 | Shoals:3 | Reached XP level 19. HP: 119/119 MP: 26/26
 36960 | Shoals:3 | Received a gift from Trog
 37003 | Shoals:3 | Noticed Kirke
 37015 | Shoals:3 | Killed Kirke
 37108 | Shoals:3 | Noticed Mara
 37115 | Shoals:3 | Noticed CPrA's illusion
 37136 | Shoals:3 | Noticed CPrA's illusion
 37153 | Shoals:3 | Killed Mara
 37795 | Shoals:4 | Entered Level 4 of the Shoals
 38469 | Shoals:4 | Identified the +4 long sword "Maehes" {drain, Int+9}
 38922 | Shoals:4 | Received a gift from Trog
 39192 | Shoals:4 | Got a barnacled rune of Zot
 39636 | Vaults:1 | Entered Level 1 of the Vaults
 39662 | Vaults:1 | Identified the +5 pair of boots of Tepsam {+Blink rElec
                  | Str-4 Int+4} (You found it on level 1 of the Vaults)
 39820 | Vaults:1 | Found Issui's Antique Armour Emporium.
 39858 | Vaults:1 | Bought a pair of glowing boots for 180 gold pieces
 39858 | Vaults:1 | Identified a +2 pair of boots of running (You bought it in
                  | a shop on level 1 of the Vaults)
 40430 | Vaults:1 | Reached XP level 20. HP: 87/128 MP: 27/27
 40443 | Vaults:1 | Received a gift from Trog
 41121 | Vaults:1 | Found Lekucidy's Armour Shop.
 41225 | Vaults:1 | Reached skill level 15 in Fighting
 41317 | Vaults:1 | Paralysed by a floating eye for 2 turns
 41765 | Vaults:1 | Received a gift from Trog
 41768 | Vaults:1 | Got an ichor-stained hand crossbow {god gift}
 41770 | Vaults:1 | Identified the +9 hand crossbow "Divutio" {freeze, rF- rN+
                  | Stlth+} (Trog gifted it to you on level 1 of the Vaults)
 42623 | Vaults:2 | Found a shattered altar of Ashenzari.
 42648 | Vaults:2 | Found Ymouckot's Gadget Emporium.
 42656 | Vaults:2 | Bought a lamp of fire for 520 gold pieces
 42656 | Vaults:2 | Bought a phial of floods for 520 gold pieces
 43363 | Vaults:2 | Received a gift from Trog
 43543 | Vaults:2 | Reached XP level 21. HP: 101/136 MP: 28/28
 43758 | Vaults:2 | Received a gift from Trog
 44170 | Vaults:3 | Found a staircase to the Crypt.
 44876 | Vaults:3 | Found a radiant altar of Vehumet.
 44887 | Vaults:3 | Got a warped hat
 44898 | Vaults:3 | Identified the +2 hat of Vanity {rC- Regen+ Str+8 SInv}
                  | (You found it on level 3 of the Vaults)
 45197 | Vaults:3 | Reached skill level 15 in Dodging
 45224 | Vaults:3 | Received a gift from Trog
 46108 | Vaults:4 | Noticed Frederick
 46126 | Vaults:4 | Killed Frederick
 46574 | Vaults:4 | Noticed Mennas
 46633 | Vaults:4 | Killed Mennas
 46655 | Vaults:4 | Received a gift from Trog
 47323 | Vaults:4 | Found a gateway to a bazaar.
 47330 | Bazaar   | Entered a bazaar
 47334 | Bazaar   | Found Waam's Weapon Shop.
 47338 | Bazaar   | Found Erghacs's Book Shop.
 47344 | Bazaar   | Found Zaisi's Jewellery Shop.
 47356 | Bazaar   | Found Tewubel's Food Shop.
 47357 | Bazaar   | Found Zegh's Food Boutique.
 47536 | Vaults:4 | Reached XP level 22. HP: 144/144 MP: 30/30
 48332 | Depths:1 | Entered Level 1 of the Depths
 48678 | Depths:1 | Received a gift from Trog
 48918 | Depths:1 | Found a gateway to Hell.
 51328 | Temple   | Entered the Ecumenical Temple
 51334 | Temple   | Fell from the grace of Trog
 51334 | Temple   | Became a worshipper of the Shining One
 51677 | Crypt:1  | Entered Level 1 of the Crypt
 51740 | Crypt:1  | Reached * piety under the Shining One
 51903 | Crypt:1  | Reached ** piety under the Shining One
 51927 | Crypt:1  | Reached skill level 1 in Invocations
 52006 | Crypt:1  | Reached *** piety under the Shining One
 52326 | Crypt:1  | Found a runed translucent door.
 52333 | Crypt:1  | Noticed Uqitom's ghost (master GnTm)
 52333 | Crypt:1  | Reached **** piety under the Shining One
 52572 | Crypt:2  | Reached skill level 5 in Invocations
 52622 | Crypt:2  | Reached ***** piety under the Shining One
 52666 | Crypt:2  | Reached XP level 23. HP: 152/152 MP: 32/32
 52819 | Crypt:2  | Found a magical portal.
 53129 | WizLab   | Identified Cigotuvi's Volume of Transmutation and Black
                  | Rituals
 53131 | WizLab   | Identified the Collected Works on Transmigration
 53613 | WizLab   | Paralysed by a floating eye for 4 turns
 53622 | WizLab   | Paralysed by a floating eye for 3 turns
 53646 | WizLab   | Found the -2 hat of the Alchemist {rElec rPois rF+ rC+ rN+
                  | MR+ rMut rCorr}
 54037 | Crypt:3  | Entered Level 3 of the Crypt
 54082 | Crypt:3  | Reached skill level 10 in Invocations
 54159 | Crypt:3  | Noticed a curse toe
 54159 | Crypt:3  | Reached ****** piety under the Shining One
 54208 | Crypt:3  | Identified a +7 eveningstar of holy wrath (a +5 eveningstar
                  | of flaming blessed by the Shining One)
 54208 | Crypt:3  | Received a gift from the Shining One
 54240 | Crypt:3  | Killed a curse toe
 54383 | Crypt:3  | Found the +0 staff of Battle
 54790 | Crypt:3  | Found a staircase to the Tomb.
 54896 | Crypt:3  | Noticed an ancient lich
 54924 | Crypt:3  | Noticed an ancient lich
 54941 | Crypt:3  | Identified the +1 pair of boots "Caushu" {rF+ rC+++ Regen+
                  | Str-2} (You found it on level 3 of the Crypt)
 54946 | Crypt:3  | Cast into level 5 of the Abyss (an ancient lich)
 54946 | Abyss:5  | Entered Level 5 of the Abyss
 54998 | Abyss:5  | Paralysed by accursed screaming for 1 turns
 55231 | Abyss:5  | Paralysed by accursed screaming for 1 turns
 55449 | Abyss:5  | Got an abyssal rune of Zot
 55464 | Crypt:3  | Escaped the Abyss
 55479 | Crypt:3  | Killed an ancient lich
 55485 | Crypt:3  | Killed an ancient lich
 55801 | Elf:1    | Entered Level 1 of the Elven Halls
 55813 | Elf:1    | Reached XP level 24. HP: 157/157 MP: 33/33
 55880 | Elf:1    | Noticed Azrael
 55891 | Elf:1    | Killed Azrael
 56034 | Elf:1    | Reached skill level 15 in Invocations
 57157 | Elf:1    | Identified the Reference Book on the Escort
 57714 | Elf:2    | Found a runed translucent gate.
 57715 | Elf:2    | Found a runed translucent gate.
 57916 | Elf:2    | Found a runed translucent gate.
 58763 | Elf:3    | Entered Level 3 of the Elven Halls
 58764 | Elf:3    | Found Pusiolla's General Store.
 58794 | Elf:3    | Bought a wand of acid (8) for 312 gold pieces
 59440 | Elf:3    | Identified the +1 robe of Negation {rF++ rN+}
 59673 | Elf:3    | Identified the ring "Zejoki" {MR+ MP+9 SInv}
 59885 | Elf:3    | Identified the cursed +3 spear of Watchfulness {elec, *Slow
                  | rN+ MR+}
 59923 | Elf:3    | Identified the cursed +2 great sword of the Priest {vamp,
                  | *Drain rC++ SInv Stlth+}
 59947 | Elf:3    | Identified the +6 short sword of Income {elec, Str+3}
 60025 | Elf:3    | Reached XP level 25. HP: 69/163 MP: 36/36
 60441 | Elf:3    | Identified the Reference Book on Shifting Bewitchment
 60527 | Elf:3    | Identified Rizar's Disquisition on Companions
 60551 | Elf:3    | Found the +3 sling "Punk" {acid, rCorr}
 60561 | Elf:3    | Identified the Collected Works on Freezing Curses
 60695 | Elf:3    | Was forgiven by Trog
 61092 | Elf:3    | Found Woletol's Jewellery Emporium.
 61093 | Elf:3    | Found Yjinox's Food Shop.
 62304 | Depths:2 | Identified the +3 morningstar of Okawaru's Displeasure
                  | {flame, +Inv rC+ Str-3} (You found it on level 2 of the
                  | Depths)
 62720 | Depths:2 | Identified the +2 helmet of Indemnity {rC+ Int+4 SInv} (You
                  | acquired it on level 2 of the Depths)
 62813 | Depths:2 | You are sucked into a shaft and drop 1 floor!
 62975 | Depths:3 | Found a one-way gate leading to the halls of Pandemonium.
 63029 | Depths:3 | Noticed the Enchantress
 63075 | Depths:3 | Killed the Enchantress
 63150 | Depths:3 | Found a gateway to a ziggurat.
 63412 | Depths:3 | Found a snail-covered altar of Cheibriados.
 63636 | Depths:3 | Reached XP level 26. HP: 127/180 MP: 37/37
 64026 | Depths:3 | Noticed a juggernaut
 64037 | Depths:3 | Killed a juggernaut
 65798 | Depths:4 | Found a glowing silver altar of Zin.
 66149 | Depths:4 | Identified the +3 plate armour "Zaokk" {rF+} (You found it
                  | on level 4 of the Depths)
 66323 | Depths:4 | Found a corrupted altar of Lugonu.
 66323 | Depths:4 | Found a one-way gate to the infinite horrors of the Abyss.
 66653 | Depths:4 | Found a shimmering altar of Xom.
 66739 | Depths:4 | Found the +12 Vampire's Tooth {vamp}
 67456 | Depths:5 | Entered Level 5 of the Depths
 67456 | Depths:5 | Noticed a juggernaut
 67884 | Vaults:5 | Entered Level 5 of the Vaults
 67898 | Vaults:5 | Reached XP level 27. HP: 189/195 MP: 32/37
 68162 | Vaults:5 | Reached skill level 27 in Fighting
 68635 | Vaults:5 | Found Figunin's Weapon Emporium.
 68653 | Vaults:5 | Paralysed by a floating eye for 2 turns
 69410 | Vaults:5 | Got a silver rune of Zot
 69452 | Vaults:5 | Identified the +6 flail "Entaciaf" {crush, rElec MP+9}
 70363 | Depths:5 | Noticed Boris
 70384 | Depths:5 | Killed Boris
 70831 | Depths:5 | Paralysed by a floating eye for 2 turns
 71173 | Depths:5 | Found a gate to the Realm of Zot.
 71555 | Zot:1    | Entered Level 1 of the Realm of Zot
 73572 | Zot:2    | Got a clouded tin ring
 73617 | Zot:2    | Identified the ring "Wopevod" {*Tele Str-3 Int-3 Dex+10
                  | Stlth+} (You found it on level 2 of the Realm of Zot)
 76458 | Zot:5    | Entered Level 5 of the Realm of Zot
 76605 | Zot:5    | Noticed an orb of fire
 76613 | Zot:5    | Noticed an orb of fire
 76621 | Zot:5    | Noticed an orb of fire
 76623 | Zot:5    | Gained mutation: You do not regenerate when monsters are
                  | visible. [an orb of fire]
 76640 | Zot:5    | Killed an orb of fire
 77231 | Zot:5    | Killed an orb of fire
 77527 | Zot:4    | Killed an orb of fire
 77810 | Zot:5    | Noticed an ancient lich
 77819 | Zot:5    | Killed an ancient lich
 78312 | Zot:5    | Noticed an ancient lich
 78320 | Zot:5    | Killed an ancient lich
 79524 | Depths:5 | Killed a juggernaut
 79870 | Slime:1  | Entered Level 1 of the Pits of Slime
 81739 | Slime:4  | Gained mutation: You are weak. (Str -2) [a shining eye]
 81741 | Slime:4  | Gained mutation: Your body sometimes deteriorates upon
                  | taking damage. [a shining eye]
 81835 | Slime:5  | Entered Level 5 of the Pits of Slime
 82587 | Slime:5  | Noticed the Royal Jelly
 82639 | Slime:5  | Killed the Royal Jelly
 82658 | Slime:5  | Reached skill level 27 in Armour
 82877 | Slime:5  | Found the +6 arbalest "Damnation" {damnation}
 82900 | Slime:5  | Identified the Compendium of the Traveller
 82936 | Slime:5  | Got a slimy rune of Zot
 83934 | Crypt:1  | Killed Uqitom's ghost
 83936 | Crypt:1  | Identified the Collected Works on Twisted Protection
 83938 | Crypt:1  | Identified the Volume of Entrancing Translocation
 84260 | D:7      | Killed Errno's ghost
 84745 | Zot:5    | Got the Orb of Zot
 84877 | Zot:1    | Noticed Pigh the pandemonium lord
 84959 | Zot:1    | Noticed a seraph
 85103 | Depths:1 | Noticed Cuheer the pandemonium lord
 85361 | D:$      | Escaped with the Orb!

Levels and vault maps discovered:
D:1:      co_arrival_random_square_maze, layout_loops_ring, minivault_24
D:2:      layout_loops_ring
D:3:      layout_loops_corners, lemuel_round_altar, old_standard_altar,
          gammafunk_temple_overflow_statue, uniq_ijyb
D:4:      layout_gridville, minmay_temple_entry_proselytizer, uniq_edmund,
          uniq_natasha, uniq_duvessa
D:5:      layout_gridville, first_ration, serial_shops, nicolae_shop_crystal
D:6:      layout_layer_cave, kiku_gazebo_pond_becter, serial_shops, shop,
          minmay_unpleasant_kobolds, uniq_menkaure
D:7:      layout_rooms, hellmonk_ghost_happy_afterlife
D:8:      layout_rooms, lemuel_doored_altar, serial_shops, shop_statue,
          david_nohive_1, uniq_psyche
D:9:      layout_roguey, minmay_misc_feat_tower
D:10:     layout_irregular_city, grunt_lair_entry_orc_guard_hut, minivault_24,
          minmay_guarded_unrand_variability
D:11:     layout_long_grid, hangedman_decor_clover_reticule
D:12:     layout_cave_pools, minmay_orc_entry_temple_small
D:13:     layout_loops_ring, skrybe_vaults_entry_preservation,
          gauntlet_entry_generic, enter_trove_5
D:14:     layout_basic, nicolae_twisting_strands, lemuel_oklob_altar,
          uniq_jorgrun
D:15:     gammafunk_enter_depths_forms, layout_irregular_city, minivault_26
Temple:   eino_temple_rhombus
Lair:1:   layout_cave_pods
Lair:2:   layout_cave_pods
Lair:3:   layout_loops_ring, grunt_megastairs_3, serial_bayou_shore_b,
          uniq_snorg
Lair:4:   layout_cave_pods, elwin_shoals_entry_stream,
          minmay_snake_entry_guardpost_small, minivault_11,
          cheibrodos_lair_lostbears
Lair:5:   layout_small_grid
Lair:6:   gammafunk_lair_ancient_temple, layout_loops_ring, slime_altar_1,
          chequers_serial_rivers_large_a
Shoals:1: layout_shoals
Shoals:2: cheibrodos_shoals_epimethial_gifts, layout_shoals, st_cyclops
Shoals:3: layout_shoals, uniq_kirke, uniq_mara
Shoals:4: shoals_end_grunt_garden, layout_shoals
Snake:1:  layout_cave_shapes, uniq_donald
Snake:2:  layout_grid_shapes, ebering_ghost_rock_garden, uniq_asterion,
          uniq_aizul, uniq_vashnia
Snake:3:  layout_chambers, serial_shops, shop, nicolae_shop_trees, shop,
          uniq_saint_roka, uniq_agnes
Snake:4:  johnstein_snake_rune_scales, layout_misc_corridors, drop_trap,
          nicolae_snake_lava_pool
Slime:1:  layout_caves, nicolae_slime_phagocytosis
Slime:2:  layout_caves, cheibrodos_slime_lost_civilization_5
Slime:3:  layout_caves
Slime:4:  layout_caves
Slime:5
Orc:1:    layout_diamond_mine, basic_altar
Orc:2:    st_orc_open, layout_caves, basic_altar
Elf:1:    eino_elf_arrival_the_gate, layout_rooms, serial_sigils,
          serial_sigils_hangedman_clutch, serial_sigils_hangedman_confine,
          serial_sigils_hangedman_gut, serial_sigils_hangedman_quiver,
          serial_sigils_hangedman_scratch, minmay_elf_demonology, uniq_azrael
Elf:2:    layout_onion_city
Elf:3:    nooodl_elf_gasket, layout_loops_corners, serial_shops, shop,
          nicolae_shop_waterfront, shop, columned_hall_lemuel
Vaults:1: grunt_vaults_focal, nicolae_vaults_sealed_display,
          vaults_dpeg_encased_lava, vaults_mumra_lcd, v_misc_24,
          nicolae_vaults_yaktaur_gun_rack, dpeg_vaults_monster_row,
          hangedman_vaults_slice, ontoclasm_vaults_eye, st_octagons_1,
          v_rooms_6, vaults_room_mumra_shop_pool, nicolae_vaults_gold_heap,
          layout_vaults_omnibox, serial_shops, nicolae_shop_crystal
Vaults:2: nicolae_vaults_stairing_the_circle, nicolae_vaults_little_squares_2,
          ontoclasm_vaults_shout, nicolae_vaults_back_hallway,
          grunt_vaults_trifunnel, hangedman_vaults_variations,
          vaults_mumra_hexcomb, v_misc_10, layout_vaults_maze, basic_altar,
          serial_shops, shop_statue
Vaults:3: nicolae_vaults_big_angled_halls, grunt_tower_of_power,
          vaults_room_large_hall, minmay_crypt_entry_simple_corners,
          hangedman_vaults_unwind, hangedman_vaults_snaps, v_misc_16, v_misc_18,
          layout_vaults_big_cross
Vaults:4: v_alt_pattern_4, v_misc_5, vaults_dpeg_cross,
          nicolae_vaults_ninety_degrees, nicolae_vaults_little_squares_5,
          nicolae_vaults_little_ls, nicolae_vaults_network_periphery,
          vaults_room_semicircle, v_misc_2, layout_vaults_chaotic_city,
          serial_shops, bzr_entry_safe, uniq_mennas, uniq_frederick
Vaults:5
Crypt:1:  layout_misc_corridors, gammafunk_ghost_grave,
          minmay_guarded_unrand_curses
Crypt:2:  layout_rooms, infiniplex_enter_wizlab_spiral
Crypt:3:  david_glass_crypt, layout_misc_corridors,
          nicolae_tomb_entry_grand_gallery
Depths:1: layout_cave_pools, grunt_mini_vestibule, minmay_metal_thing
Depths:2: minmay_box_of_statues, layout_cave_pools, pf_hell_entry_tar_spiral,
          minmay_misc_feat_five, st_stairs_7,
          hangedman_abyss_or_decor_jellyfish_corner, grunt_ministairs_7,
          minmay_staircase_windowed_small
Depths:3: minmay_spiral_squares, layout_cave_pools, enter_ziggurat_f,
          rand_demon_pan_entry_8, old_standard_altar, hell_entry,
          uniq_enchantress
Depths:4: evilmike_silver_temple, layout_gridlike, hell_entry,
          abyss_entry_flame_altar, lemuel_round_altar,
          minmay_guarded_unrand_vampires_tooth, infiniplex_staircase_zigzag_5
Depths:5: grunt_zot_entry_tricorne, layout_small_grid, hell_entry,
          grunt_ministairs_3, uniq_boris
Zot:1:    layout_gridlike
Zot:2:    layout_gridlike, st_large_dragon_hoard_1
Zot:3:    layout_misc_corridors, guppyfry_library_mini
Zot:4:    layout_misc_corridors
Zot:5:    layout_basic

Skill      XL: |  1  2  3  4  5  6  7  8  9 10 11 12 13 14 15 16 17 18 19 20 21 22 23 24 25 26 27 |
---------------+----------------------------------------------------------------------------------+-----
Fighting       | 4 5 6 7 9 10 11 13 14 16 17 18 22 25 27 | 27.0
Maces & Flails | 4 6 9 12 14 15 16 | 16.0
Dodging        | 3 6 9 11 12 13 14 15 16 22 | 22.0
Armour         | 4 8 11 13 14 16 17 18 19 20 27 | 27.0
Shields        | 5 10 12 15 | 15.0
Evocations     | 4 8 10 11 12 | 12.9
Invocations    | 5 14 19 20 | 20.1

Action                   |  1- 3 |  4- 6 |  7- 9 | 10-12 | 13-15 | 16-18 | 19-21 | 22-24 | 25-27 || total
-------------------------+-------+-------+-------+-------+-------+-------+-------+-------+-------++-------
Melee: Mace              |   107 |   155 |       |       |       |       |       |       |       ||   262
       Dire flail        |       |     6 |   276 |   259 |     5 |       |       |       |       ||   546
       Great mace        |       |       |       |   286 |   633 |       |       |       |       ||   919
       Morningstar       |       |       |       |       |   382 |       |       |       |       ||   382
       Eveningstar       |       |       |       |       |    49 |  1509 |  1687 |  1973 |  3431 ||  8649
       Demon whip        |       |       |       |       |       |    33 |       |       |       ||    33
Throw: Throwing net      |       |       |       |       |       |       |       |       |     2 ||     2
Invok: Berserk           |     4 |     5 |     1 |     1 |     7 |     4 |     2 |       |       ||    24
       Trog's Hand       |       |     1 |       |     2 |     8 |     2 |     4 |     1 |       ||    18
       Brothers in Arms  |       |       |       |     2 |     7 |     2 |     2 |     1 |       ||    14
       Divine Shield     |       |       |       |       |       |       |       |     1 |       ||     1
       Brand Weapon With |       |       |       |       |       |       |       |     1 |       ||     1
       Summon Divine War |       |       |       |       |       |       |       |     1 |     8 ||     9
       Cleansing Flame   |       |       |       |       |       |       |       |       |    18 ||    18
 Abil: Fly               |       |       |       |       |       |     1 |       |     1 |     1 ||     3
       Stop Flying       |       |       |       |       |       |       |     1 |       |     2 ||     3
Evoke: Wand              |       |       |       |     8 |     9 |     1 |     8 |     1 |    15 ||    42
       Lightning rod     |       |       |       |       |       |       |     4 |       |     4 ||     8
       Lamp of fire      |       |       |       |       |       |       |     1 |       |     3 ||     4
       Phial of floods   |       |       |       |       |       |       |     1 |       |       ||     1
       Phantom mirror    |       |       |       |       |       |       |       |       |     2 ||     2
       Fan of gales      |       |       |       |       |       |       |       |       |     1 ||     1
  Use: Scroll            |       |     5 |    10 |     5 |    18 |     9 |    14 |    13 |    20 ||    94
       Potion            |       |       |     2 |       |     2 |     4 |     3 |     5 |    14 ||    30
 Stab: Invisible         |       |       |       |     2 |       |       |       |       |       ||     2
       Paralysed         |       |       |       |     4 |     3 |       |       |       |       ||     7
       Confused          |       |       |       |     1 |     3 |       |       |       |       ||     4
       Petrifying        |       |       |       |     1 |       |       |       |       |       ||     1
       Petrified         |       |       |       |       |     4 |       |       |       |       ||     4
  Eat: Chunk             |     5 |    14 |    12 |    22 |    33 |    24 |    33 |    25 |    36 ||   204
       Ration            |       |       |       |     1 |     6 |     5 |     2 |     5 |    14 ||    33
Armor: Animal skin       |    35 |    11 |       |       |       |       |       |       |       ||    46
       Ring mail         |       |    55 |       |       |       |       |       |       |       ||    55
       Chain mail        |       |     5 |   200 |    17 |       |       |       |       |       ||   222
       Plate armour      |       |       |       |   409 |   938 |   831 |       |       |       ||  2178
       Crystal plate arm |       |       |       |       |       |       |   828 |   952 |   616 ||  2396
       Gold dragon scale |       |       |       |       |       |       |       |       |  1011 ||  1011
Dodge: Dodged            |    83 |   167 |   218 |   359 |   924 |   805 |   618 |   801 |  1450 ||  5425
       Deflected         |       |       |       |       |    30 |   104 |    64 |    45 |    91 ||   334
Block: Shield            |       |       |       |       |   279 |  1337 |  1370 |  1827 |  2883 ||  7696
       Reflection        |       |       |       |       |     6 |   129 |   132 |   105 |   142 ||   514
